 Dungeon Crawl Stone Soup version 0.21.1-1-g345015f (webtiles) character file.

529 Iko the Shooter (level 7, -1/35 HPs)
             Began as a Vine Stalker Arcane Marksman on May 2, 2018.
             Succumbed to a killer bee's poison
             ... on level 7 of the Dungeon.
             The game lasted 00:11:37 (895 turns).

Iko the Shooter (Vine Stalker Arcane Marksman)       Turns: 895, Time: 00:11:38

Health: -1/35      AC:  9    Str: 19    XL:     7   Next: 23%
Magic:  1/9        EV:  8    Int: 13    God:
Gold:   42         SH:  0    Dex: 15    Spells: 7/8 levels left

rFire    . . .     SeeInvis .   a - +1 shortbow
rCold    . . .     Gourm    .   (shield currently unavailable)
rNeg     . . .     Faith    .   b - +1 chain mail
rPois    .         Spirit   +   (no helmet)
rElec    .         Reflect  .   (no cloak)
rCorr    .         Harm     .   (no gloves)
MR       .....                  (no boots)
Stlth    ..........             (no amulet)
HPRegen  0.51/turn              (no ring)
MPRegen  0.11/turn              (no ring)

@: mighty, lethally poisoned (-1 -> -22), hasted, very quick
A: fangs 2, regeneration 1, magic shield, antimagic bite, no potion heal 3, rot
immunity
a: no special abilities


You were on level 7 of the Dungeon.
You were not hungry.

You visited 1 branch of the dungeon, and saw 7 of its levels.

You collected 42 gold pieces.

Inventory:

Hand Weapons
 a - a +1 shortbow (weapon)
Missiles
 d - 26 arrows (quivered)
Armour
 b - a +1 chain mail (worn)
Books
 c - a book of Debilitation

   Spells                             Type                      Level
   a - Corona                         Hexes                        1
   b - Slow                           Hexes                        2
   c - Inner Flame                    Hexes/Fire                   3
   d - Portal Projectile              Hexes/Translocation          3
   e - Cause Fear                     Hexes                        4
   f - Leda's Liquefaction            Hexes/Earth                  4
Comestibles
 f - 5 rations


   Skills:
 + Level 2.7 Fighting
 + Level 5.6 Bows
 + Level 1.2 Armour
 + Level 1.7 Dodging
 + Level 1.5 Stealth
 + Level 1.3 Spellcasting
 + Level 3.5 Hexes


You had 7 spell levels left.
You knew the following spells:

 Your Spells              Type           Power        Failure   Level  Hunger
a - Corona                Hex            #......      63%         1    ##.....


Dungeon Overview and Level Annotations

Branches:
Dungeon (7/15)
 Temple: D:4-7

Altars:


Innate Abilities, Weirdness & Mutations

You have extremely sharp teeth.
Your natural rate of healing is unusually fast.
When hurt, damage is shared between your health and your magic reserves.
Your bite disrupts and absorbs the magic of your enemies.
Potions cannot restore your health.
You are immune to rotting.


Message History

You shoot an arrow. The arrow misses the killer bee.
The arrow hits the killer bee!
You kill the killer bee!
You feel sick.
The killer bee stings you but does no damage.
The killer bee stings you!
* * * LOW HITPOINT WARNING * * *
You are lethally poisoned!
The killer bee poisons you!
It was a potion of haste.
You feel yourself speed up.
* * * LOW HITPOINT WARNING * * *
You feel sick. The killer bee stings you.
* * * LOW HITPOINT WARNING * * *
The killer bee stings you.
* * * LOW HITPOINT WARNING * * *
You are more poisoned.
The killer bee poisons you!
It was a potion of might.
You feel very mighty all of a sudden.
You die...

######..###
##..........
##...........
#......y.y...
#..y.........
#####yyo(<.......
#yZ.ZyZ...<......
#y###yo.........y
#@# ###########..
#.# . #.# #.# #.#
#### ##


You could see 2 killer bees and a hound zombie.

Vanquished Creatures
  A necrophage (D:7)
  A bullfrog (D:6)
  2 killer bees (D:7)
  A hound (D:3)
  4 orc wizards (D:4)
  A bullfrog skeleton (D:7)
  3 worker ants
  A hound skeleton (D:4)
  An ooze (D:1)
  A worm (D:4)
  2 leopard geckos
  2 orcs (D:4)
  4 bats
  3 goblins
  3 quokkas
  3 frilled lizards
  A kobold (D:3)
  A rat (D:1)
35 creatures vanquished.

Vanquished Creatures (others)
  An orc wizard (D:4)
1 creature vanquished.

Grand Total: 36 creatures vanquished

Notes
Turn   | Place    | Note
-------+----------+-------------------------------------------
     0 | D:1      | Iko the Vine Stalker Arcane Marksman began the quest for the Orb.
     0 | D:1      | Reached XP level 1. HP: 9/9 MP: 3/3
   162 | D:1      | Reached XP level 2. HP: 14/14 MP: 4/4
   185 | D:1      | Reached skill level 2 in Bows
   203 | D:1      | Reached skill level 1 in Fighting
   386 | D:3      | Reached XP level 3. HP: 7/18 MP: 2/5
   471 | D:4      | Reached skill level 3 in Bows
   471 | D:4      | Gained mutation: Your natural rate of healing is unusually fast. [Vine Stalker growth]
   471 | D:4      | Reached XP level 4. HP: 14/22 MP: 6/6
   505 | D:4      | Reached XP level 5. HP: 27/27 MP: 7/7
   545 | D:4      | Reached skill level 1 in Stealth
   714 | D:4      | Reached skill level 4 in Bows
   715 | D:4      | Reached XP level 6. HP: 27/32 MP: 6/8
   765 | D:5      | Entered Level 5 of the Dungeon
   817 | D:6      | Reached skill level 1 in Armour
   864 | D:7      | Noticed a necrophage
   881 | D:7      | Killed a necrophage
   881 | D:7      | Reached skill level 5 in Bows
   887 | D:7      | Reached XP level 7. HP: 30/35 MP: 5/9
   894 | D:7      | HP: 1/35 [killer bee (4)]
   895 | D:7      | Succumbed to a killer bee's poison

Skill      XL: |  1  2  3  4  5  6 |
---------------+-------------------+-----
Bows           | 2 3 4 5 |  5.6
Fighting       | 1 2 |  2.7
Stealth        | 1 |  1.5
Armour         | 1 |  1.2
Dodging        | |  1.7
Spellcasting   | |  1.3
Hexes          | |  3.5

Action                   |  1- 3 |  4- 6 |  7- 9 || total
-------------------------+-------+-------+-------++-------
Melee: Shortbow          |     4 |    11 |       ||    15
       Bite              |       |     7 |       ||     7
 Fire: Shortbow          |    59 |    97 |     6 ||   162
  Use: Scroll            |     6 |       |       ||     6
       Potion            |       |     4 |     2 ||     6
Armor: Chain mail        |    56 |    71 |     5 ||   132
Dodge: Dodged            |    14 |    32 |     2 ||    48
